 Dungeon Crawl Stone Soup version 0.29.1-13-g9f3cf754e1 (webtiles) character file.

Game seed: 13519248949163963650

46 booth the Insei (level 3, 0/27 HPs)
             Began as a Djinni Transmuter on Jan 29, 2023.
             Slain by Natasha (6 damage)
             ... on level 2 of the Dungeon.
             The game lasted 00:17:36 (2117 turns).

booth the Insei (Djinni Transmuter)                 Turns: 2117, Time: 00:17:36

Health: 0/27       AC:  2    Str: 21    XL:     3   Next: 92%
Gold:   112        EV: 12    Int: 18    God:
                   SH:  0    Dex: 13

rFire   + + .      SeeInvis .   k - +1 short sword "Jukhlosay" {holy, Str+4 Int+4}
rCold   x . .      Faith    .   (no shield)
rNeg    . . .      Spirit   .   a - +0 robe
rPois   ∞          Reflect  .   (helmet currently unavailable)
rElec   .          Harm     .   (no cloak)
rCorr   .          Rampage  .   (no gloves)
Will    .....                   (boots unavailable)
Stlth   +.........              (no amulet)
HPRegen 0.09/turn               l - +6 ring of strength
MPRegen 0.00/turn               (no ring)

@: appendages, wereblooded, flying, slowed, very slow
A: horns 2, flying, sickness immunity, fire resistance 2, cold vulnerability 1,
float, innate caster, HP casting, extra vitality 1
a: End Transformation


You were on level 2 of the Dungeon.
You had temporarily grown beastly horns.
You visited 1 branch of the dungeon, and saw 2 of its levels.

You collected 112 gold pieces.

Inventory:

Hand Weapons
 e - a +2 whip of electrocution
 k - the +1 short sword "Jukhlosay" (weapon) {holy, Str+4 Int+4}
   (You found it on level 2 of the Dungeon)

   It has been blessed by the Shining One to cause great damage to the undead
   and demons.
   Str:       It affects your strength (+4).
   Int:       It affects your intelligence (+4).
Armour
 a - a +0 robe (worn)
Jewellery
 l - a +6 ring of strength (left hand)
Scrolls
 d - a scroll of fear {unknown}
 h - a scroll of torment {unknown}
 j - a scroll of butterflies {unknown}
 n - a scroll of summoning {unknown}
 o - a scroll of vulnerability {unknown}
Potions
 b - a potion of lignification
 c - 2 potions of curing
 f - a potion of degeneration {unknown}
 g - a potion of haste {unknown}
 i - 2 potions of mutation
 m - a potion of ambrosia {unknown}


   Skills:
 + Level 1.3 Fighting
 * Level 0.2 Short Blades
 - Level 0.2 Maces & Flails
 + Level 2.5 Dodging
 + Level 0.2 Stealth
 - Level 3.6 Unarmed Combat
 + Level 2.0 Spellcasting


You couldn't memorise any spells.
You knew the following spells:

 Your Spells              Type           Power      Damage    Failure   Level
a - Beastly Appendage     Tmut           18%        N/A       8%          1
b - Wereblood             Tmut           9%         N/A       12%         2
c - Spider Form           Tmut/Pois      9%         N/A       22%         3
d - Ice Form              Ice/Tmut       9%         N/A       58%         4
e - Foxfire               Conj/Fire      36%        2x1d5     8%          1
Your spell library was empty.

Dungeon Overview and Level Annotations

Branches:
Dungeon (2/15)

Altars:

Shops:
D:1 (

Annotations:
D:2 Natasha


Innate Abilities, Weirdness & Mutations

You have temporarily grown beastly horns.
You are flying.
You are immune to sickness and miasma.
You are immune to poison.
Your flesh is very heat resistant. (rF++)
You are vulnerable to cold. (rC-)
You float through the air rather than walking.
You learn spells naturally, not from books.
Your magical power is your life essence.
You have superior vitality. (+4 MHP)


Message History

Found a scroll labelled VOUFESOZXUW and a green potion.
The kobold shouts!
Natasha casts a spell at you.
You feel yourself slow down.
Casting: Foxfire (safe; 8% risk of failure)
Confirm with . or Enter, or press ? or * to list all spells.
You conjure some foxfire!
Casting: Foxfire (safe; 8% risk of failure)
Confirm with . or Enter, or press ? or * to list all spells.
Okay, then.
The foxfire hits Natasha.
Natasha is moderately wounded.
The foxfire hits Natasha.
Natasha is moderately wounded.
The crimson imp blinks!
Casting: Foxfire (safe; 8% risk of failure)
Confirm with . or Enter, or press ? or * to list all spells.
You don't know that spell.
Unknown command.
Natasha stares at you and mumbles some strange words.
The magic dart hits you.
Casting: Foxfire (safe; 8% risk of failure)
Confirm with . or Enter, or press ? or * to list all spells.
Your blood is infused with primal strength.
The kobold hits you but does no damage.
You hit the kobold.
You feel a bit better.
You kill the kobold!
Natasha claws you but does no damage.
You hit Natasha.
Natasha is heavily wounded.
Natasha claws you.
The crimson imp blinks!
You closely miss Natasha.
Natasha is heavily wounded.
Natasha barely misses you. Natasha claws you.
Casting: Wereblood (safe; 12% risk of failure)
Confirm with . or Enter, or press ? or * to list all spells.
You grow a pair of large bovine horns.
Natasha claws you.
* * * LOW HITPOINT WARNING * * *
Natasha claws you.
You die...

#...#.........#....PP.##
###...........#.......#
##..................#
#.................#
.................#
.................#
.................#
......$..#########
......5...h@# #.
###.....###.#### #.# ##
#.....# #....######.# ..
.......K? ####.........###..
......... #................
..........#.............#.#
.........K#.............#.##
......$.!.#.................
#.........#....###


You could see Natasha and a crimson imp (summoned).

Vanquished Creatures
  A worm (D:2)
  A dart slug (D:1)
  6 ball pythons
  3 bats (D:1)
  An endoplasm (D:1)
  A giant cockroach (D:1)
  3 goblins
  2 hobgoblins (D:1)
  8 jackals (D:1)
  4 kobolds
  A quokka (D:1)
  A frilled lizard (D:2)
  2 rats
34 creatures vanquished.

Vanquished Creatures (others)
  8 foxfires (D:2)
8 creatures vanquished.

Grand Total: 42 creatures vanquished

Notes
Turn   | Place    | Note
-------+----------+-------------------------------------------
     0 | D:1      | booth the Djinni Transmuter began the quest for the Orb.
     0 | D:1      | booth set off with the following spells memorised: Beastly
                  | Appendage, Wereblood, Spider Form, Ice Form.
     0 | D:1      | Reached XP level 1. HP: 17/17 MP: 0/0
   256 | D:1      | Reached XP level 2. HP: 21/22 MP: 0/0
   616 | D:1      | Reached XP level 3. HP: 25/27 MP: 0/0
   616 | D:1      | Learned a level 1 spell: Foxfire
   894 | D:1      | Found Soereudarr's Weapon Boutique.
  1388 | D:2      | Identified the +1 short sword "Jukhlosay" {holy, Str+4
                  | Int+4}
  1893 | D:2      | Found a faded altar of an unknown god.
  2106 | D:2      | Noticed Natasha
  2117 | D:2      | Slain by Natasha

Illustrated notes

Levels and vault maps discovered:
D:1:      dpeg_arrival_ternary, layout_loops_ring, serial_shops,
          nicolae_shop_bloodbath_and_beyond, grunt_decor_cap
D:2:      layout_basic, ebering_ecumenical_altar_petrified,
          minmay_misc_feat_chi, uniq_natasha

Skill      XL: |  1  2  3 |
---------------+----------+-----
Spellcasting   | 2 |  2.0
Fighting       | |  1.3
Short Blades   | |  0.2
Maces & Flails | |  0.2
Dodging        | |  2.5
Stealth        | |  0.2
Unarmed Combat | |  3.6

Action                   || total
-------------------------++-------
Melee: Whip              ||    66
       Unarmed           ||     7
       Headbutt          ||     6
       Short sword       ||    18
       Punch             ||     1
 Cast: Beastly Appendage ||    20
       Foxfire           ||     5
       Wereblood         ||     1
  Use: Scroll            ||     2
 Stab: Sleeping          ||     1
Armor: Robe              ||    23
Dodge: Dodged            ||    65
